 Dungeon Crawl Stone Soup version 0.24-a0-22-g2a401c0 (webtiles) character file.

Game seed: 9795067992976171213

86 Mgcat the Skirmisher (level 4, -3/50 HPs)
             Began as an Ogre Berserker on Feb 1, 2019.
             Was a Believer of Trog.
             Slain by a gnoll (9 damage)
             ... on level 2 of the Dungeon.
             The game lasted 00:03:27 (1689 turns).

Mgcat the Skirmisher (Ogre Berserker)               Turns: 1689, Time: 00:03:28

Health: -3/50      AC:  3    Str: 21    XL:     4   Next: 50%
Magic:  4/4        EV: 11    Int:  8    God:    Trog [**....]
Gold:   145        SH:  0    Dex:  9    Spells: 3/3 levels left

rFire    + . .     SeeInvis .   a - +0 mace
rCold    x . .     Gourm    .   (no shield)
rNeg     . . .     Faith    .   b - +0 animal skin
rPois    .         Spirit   .   (helmet restricted)
rElec    .         Reflect  .   (no cloak)
rCorr    .         Harm     .   (gloves unavailable)
MR       .....                  (boots unavailable)
Stlth    +.........             f - amulet of inaccuracy (curse)
HPRegen  0.16/turn              k - ring of fire {rF+, rC-}
MPRegen  0.09/turn              (no ring)

@: no status effects
A: large, unfitting armour, tough skin 1
a: Berserk, Trog's Hand, Renounce Religion


You were on level 2 of the Dungeon.
You worshipped Trog.
Trog was pleased with you.
You were not hungry.

You visited 1 branch of the dungeon, and saw 2 of its levels.

You collected 145 gold pieces.

Inventory:

Hand Weapons
 a - a +0 mace (weapon)
Armour
 b - a +0 animal skin (worn)
Jewellery
 f - a cursed amulet of inaccuracy (around neck)
   (You found it on level 2 of the Dungeon)
 j - an uncursed amulet of the gourmand {unknown}
   (You found it on level 2 of the Dungeon)
 k - a ring of fire (left hand) {rF+, rC-}
   (You found it on level 2 of the Dungeon)
Potions
 d - a potion of degeneration {unknown}
 e - a potion of ambrosia {unknown}
 g - 2 potions of agility
 h - a potion of curing
 i - a potion of heal wounds {unknown}
Comestibles
 c - 2 rations


   Skills:
 + Level 5.2 Fighting
 + Level 3.4 Maces & Flails
 + Level 3.4 Dodging


You had 3 spell levels left.
You didn't know any spells.
Your spell library was empty.

Dungeon Overview and Level Annotations

Branches:
Dungeon (2/15)

Altars:


Innate Abilities, Weirdness & Mutations

You are too large for most types of armour.
You have tough skin. (AC +1)


Message History

Found a shiny helmet.
You open the door.
There is an open door here.
A gnoll comes into view. It is wielding a +0 club.
The gnoll shouts!
You hear an angry hiss.
Health restored: 50 Spoiler Alert: The gnoll can hit for moderate damage in melee, and throws nets!
Unknown command.
There is an open door here.
You start waiting.
The gnoll is too close now for your liking.
The gnoll closely misses you.
You miss the gnoll. The gnoll hits you but does no damage.
Spoiler Alert: The gnoll can hit for moderate damage in melee, and throws nets!
You hit the gnoll but do no damage. The gnoll hits you but does no damage.
You hit the gnoll.
The gnoll is heavily wounded.
The gnoll barely misses you.
You closely miss the gnoll.
The gnoll is heavily wounded.
The gnoll misses you.
Spoiler Alert: The gnoll can hit for moderate damage in melee, and throws nets!
You hit the gnoll.
The gnoll is severely wounded.
The gnoll hits you with a +0 club. The gnoll barely misses you.
You take 2 damage, and have 48/50 hp.
You hit the gnoll but do no damage.
The gnoll is severely wounded.
The gnoll hits you with a +0 club.
You take 5 damage, and have 43/50 hp.
Spoiler Alert: The gnoll can hit for moderate damage in melee, and throws nets!
You closely miss the gnoll.
The gnoll is severely wounded.
The gnoll barely misses you.
You barely miss the gnoll.
The gnoll is severely wounded.
The gnoll hits you with a +0 club!
You take 10 damage, and have 34/50 hp.
Spoiler Alert: The gnoll can hit for moderate damage in melee, and throws nets!
You are too injured to fight recklessly!
You are too injured to fight recklessly!
You are too injured to fight recklessly!
You are too injured to fight recklessly!
You barely miss the gnoll.
The gnoll is severely wounded.
The gnoll barely misses you.
Spoiler Alert: The gnoll can hit for moderate damage in melee, and throws nets!
You closely miss the gnoll.
The gnoll is severely wounded.
The gnoll closely misses you.
You barely miss the gnoll.
The gnoll is severely wounded.
The gnoll closely misses you.
Spoiler Alert: The gnoll can hit for moderate damage in melee, and throws nets!
You miss the gnoll.
The gnoll is severely wounded.
The gnoll barely misses you. The gnoll misses you.
You hit the gnoll but do no damage.
The gnoll is severely wounded.
The gnoll barely misses you.
Spoiler Alert: The gnoll can hit for moderate damage in melee, and throws nets!
You thump the gnoll!
You kill the gnoll!
Trog accepts your kill.
You see here a +0 club.
You start resting.
Something unseen opens the door.
You start resting.
A gnoll comes into view. It is wielding a +0 whip.
Spoiler Alert: The gnoll (wandering) can hit for moderate damage in melee, and throws nets!
The gnoll shouts!
You hear a shout! x2; You hear an angry hiss.
Spoiler Alert: The gnoll can hit for moderate damage in melee, and throws nets!
The gnoll hits you with a +0 whip.
You take 6 damage, and have 30/50 hp.
You barely miss the gnoll. The gnoll barely misses you.
The gnoll hits you with a +0 whip.
You take 4 damage, and have 26/50 hp.
You hit the gnoll.
The gnoll is heavily wounded.
A gnoll comes into view.
The gnoll hits you with a +0 whip!
* * * LOW HITPOINT WARNING * * *
You take 11 damage, and have 15/50 hp.
MASSIVE DAMAGE!!
Warning x2: The gnoll can hit for moderate damage in melee, and throws nets! x2
You closely miss the gnoll.
The gnoll is heavily wounded.
The gnoll barely misses you.
You barely miss the gnoll.
The gnoll is heavily wounded.
A gnoll comes into view. It is wielding a +0 halberd.
The gnoll hits you with a +0 whip!
* * * LOW HITPOINT WARNING * * *
You take 9 damage, and have 6/50 hp.
Warning x3: The gnoll can hit for moderate damage in melee, and throws nets! x3
You hit the gnoll.
The gnoll is severely wounded.
The gnoll closely misses you.
The gnoll hits you but does no damage. x2
The gnoll completely misses you. The gnoll hits you!
You die...

.... ..........# #[# ..#
........# #.## ..# #......#
######... .# #......# #......##
.# ≈ ≈ #......# #........ .# ≈#≈≈
#####'#####.##...## .##≈≈≈≈ #
######)...........# ..≈≈≈≈#
#...#g.g..............# ..###≈
#≈...'g.@......###.....# ....##≈
.....#.........###.#...## .......
.... +........).......>.. ..##..#
#..#.#...(....####.#...#.
.............#...........###...#.
.............#...........# #.....
.....###..#...(..........# ###...
.........................# #...
....##................#########.#


You could see 3 gnolls.

Vanquished Creatures
  3 adders (D:2)
  A gnoll (D:2)
  2 dart slugs (D:1)
  A leopard gecko (D:1)
  4 bats
  4 giant cockroaches
  9 goblins
  6 hobgoblins
  4 frilled lizards
  2 kobolds (D:1)
  9 rats
45 creatures vanquished.

Notes
Turn   | Place    | Note
-------+----------+-------------------------------------------
     0 | D:1      | Mgcat the Ogre Berserker began the quest for the Orb.
     0 | D:1      | Reached XP level 1. HP: 24/24 MP: 1/1
   130 | D:1      | Reached XP level 2. HP: 31/32 MP: 2/2
   214 | D:1      | Reached skill level 3 in Maces & Flails
   214 | D:1      | Reached skill level 3 in Dodging
   398 | D:1      | Reached ** piety under Trog
   400 | D:1      | Reached XP level 3. HP: 40/40 MP: 3/3
  1223 | D:2      | Reached skill level 5 in Fighting
  1223 | D:2      | Reached XP level 4. HP: 41/50 MP: 4/4
  1288 | D:2      | HP: 10/50 [poisoned by an adder]
  1296 | D:2      | HP: 12/50 [adder (3)]
  1687 | D:2      | HP: 6/50 [gnoll/+0 whip (9)]
  1689 | D:2      | Slain by a gnoll

Vault maps used:
D:1:      elethiomel_arrival_diamonds, item_on_display_a
D:2:      minivault_4

Skill      XL: |  1  2  3 |
---------------+----------+-----
Maces & Flails | 3 |  3.4
Dodging        | 3 |  3.4
Fighting       | 5 |  5.2

Action                   |  1- 3 |  4- 6 || total
-------------------------+-------+-------++-------
Melee: Mace              |   120 |    52 ||   172
  Use: Scroll            |       |     3 ||     3
       Potion            |       |     1 ||     1
  Eat: Chunk             |     1 |     2 ||     3
Armor: Animal skin       |    54 |    13 ||    67
Dodge: Dodged            |    55 |    30 ||    85

Table legend:
 A = Non-vault XP
 B = Vault XP
 C = Vault XP percentage of total XP
 D = Non-vault monster count
 E = Vault monster count
 F = Vault count percentage of total count
                 A         B        C        D         E       F
            +---------+---------+-------+---------+---------+-------
      Total |     115 |       9 |   7.3 |      38 |       7 |  15.6
            +---------+---------+-------+---------+---------+-------
        D:1 |      41 |       9 |  18.0 |      22 |       7 |  24.1
        D:2 |      74 |       0 |   0.0 |      16 |       0 |   0.0
            +---------+---------+-------+---------+---------+-------

Vault maps used:
D:1:      elethiomel_arrival_diamonds, item_on_display_a
D:2:      minivault_4

Table legend:
 A = Turns spent in this place as a percentage of turns spent in the entire game.
 B = Non-inter-level travel turns spent in this place as a percentage of non-inter-level travel turns spent in the entire game.
 C = Inter-level travel turns spent in this place as a percentage of turns spent in this place.
 D = Turns resting spent in this place as a percentage of non-inter-level travel turns spent in this place.
 E = Turns spent auto-exploring this place as a percentage of non-inter-level travel turns spent in this place.
 F = Non-inter-level travel turns spent in this place divided by the number of levels of this place that you've seen.
                   A       B       C       D       E      F
               +-------+-------+-------+-------+-------+----------------------
         Total | 100.0 | 100.0 |   2.2 |  24.0 |  54.2 | 826.0
       Dungeon | 100.0 | 100.0 |   2.2 |  24.0 |  54.2 | 826.0
               +-------+-------+-------+-------+-------+----------------------

Table legend:
 A = Kills in this place as a percentage of kills in entire the game.
 B = Kills by you in this place as a percentage of kills by you in the entire game.
 C = Kills by friends in this place as a percentage of kills by friends in the entire game.
 D = Other kills in this place as a percentage of other kills in the entire game.
 E = Experience gained in this place as a percentage of experience gained in the entire game.
 F = Experience gained in this place divided by the number of levels of this place that you have seen.
                   A       B       C       D       E      F
               +-------+-------+-------+-------+-------+----------------------
         Total | 100.0 | 100.0 |   N/A |   N/A | 100.0 |  62.0
       Dungeon | 100.0 | 100.0 |   N/A |   N/A | 100.0 |  62.0
               +-------+-------+-------+-------+-------+----------------------
